 Dungeon Crawl Stone Soup version 0.32-a0-468-g38b2580584 (webtiles) character file.

Game seed: 1726079171694994366

245 CougarLife the Digger (level 6, -7/48 HPs)
             Began as a Gargoyle Earth Elementalist on Feb 25, 2024.
             Mangled by a crocodile (9 damage)
             ... in a sewer.
             The game lasted 00:04:17 (2571 turns).

CougarLife the Digger (Gargoyle Earth Elementalist) Turns: 2571, Time: 00:04:18

Health: -7/48      AC: 23    Str: 10 (12) XL:     6   Next: 10%
Magic:  8/11       EV:  2    Int: 14 (17) God:
Gold:   178        SH:  0    Dex:  7 (10) Spells: 11/12 levels left

rFire   + . .        g - +0 dagger
rCold   + . .        (no shield)
rNeg    + . .        a - melded +0 robe
rPois   ∞            p - melded +0 helmet
rElec   +            (cloak currently unavailable)
rCorr   +            k - melded +0 pair of gloves
SInv    .            s - melded +0 pair of boots
Will    .....        (no amulet)
Stlth   ++           (no ring)
HPRegen 0.28/turn    (no ring)
MPRegen 0.12/turn

%: no passive effects
@: tree-form, resistant
A: stationary, stasis, torment immunity, boosted hp, sickness immunity, AC +4,
negative energy resistance 1, (electricity resistance), torment resistance 1,
petrification resistance
a: no special abilities


You were in a sewer.
You were a tree.
You visited 1 branch of the dungeon, and saw 3 of its levels.
You also visited: Sewer.

You collected 178 gold pieces.

Inventory:

Hand Weapons
 g - a +0 dagger (weapon)
Armour
 a - a +0 robe (melded)
 k - a +0 pair of gloves (melded)
 p - a +0 helmet (melded)
 s - a +0 pair of boots (melded)
Scrolls
 b - 2 scrolls of noise {unknown}
 d - a scroll of immolation {unknown}
 e - 2 scrolls of identify {unknown}
 f - a scroll of poison {unknown}
 h - a scroll of blinking {unknown}
 i - a scroll of fog {unknown}
 j - 2 scrolls of amnesia {unknown}
 m - a scroll of revelation {unknown}
 o - 3 scrolls of enchant weapon {unknown}
Potions
 c - a potion of resistance
 l - a potion of cancellation {unknown}
 n - a potion of degeneration
 r - a potion of brilliance {unknown}
 t - a potion of mutation {unknown}
 u - a potion of curing {unknown}
 v - a potion of heal wounds {unknown}
 w - a potion of might {unknown}


   Skills:
 - Level 1.5 Dodging
 - Level 2.1 Stealth
 + Level 3.6 Spellcasting
 + Level 3.7 Conjurations
 + Level 5.4 Earth Magic


You had 11 spell levels left.
You knew the following spells:

 Your Spells              Type           Power      Damage    Failure   Level
a - Sandblast             Erth           34%        2d9       2%          1

Your spell library contained the following spells:

 Spells                   Type           Power      Damage    Failure   Level
 Passwall                 Erth           17%        N/A       6%          3
 Stone Arrow              Conj/Erth      30%        3d8       9%          3
 Brom's Barrelling Bould  Conj/Erth      15%        2d4       30%         4
 Gell's Gravitas          Tloc           2%         N/A       52%         3
 Teleport Other           Tloc           2%         N/A       52%         3
 Petrify                  Alch/Erth      10%        N/A       54%         4
 Dispersal                Tloc           1%         N/A       100%        6


Dungeon Overview and Level Annotations

Branches:
Dungeon (3/15)              Sewer (1/1)

Altars:
Gozag


Innate Abilities, Weirdness & Mutations

You are a tree.
Your roots penetrate the ground, keeping you stationary.
You cannot be teleported.
You are immune to unholy pain and torment.
Your maximum health is greatly increased.
Your equipment is partially melded.
You are immune to sickness and miasma.
((Your stone body is resilient. (AC +4)))
You are immune to poison.
You resist negative energy. (rN+)
((You are resistant to electric shocks. (rElec)))
You are resistant to unholy torment.
You are immune to petrification.


Message History

a rat skeleton; a rat skeleton You enter the shallow water.
Moving in this stuff is going to be slow.
A crocodile comes into view.
A crocodile is nearby!
The blast of sand hits the crocodile but does no damage.
The crocodile closely misses you. x2
The blast of sand misses the crocodile.
The crocodile bites you! The crocodile drags you backwards!
Splash!
The blast of sand hits the crocodile but does no damage.
The crocodile hisses menacingly.
The crocodile bites you!
* * * LOW HITPOINT WARNING * * *
The crocodile drags you backwards!
Splash!
The crocodile bites you.
* * * LOW HITPOINT WARNING * * *
The crocodile drags you backwards!
You hear a shout!
Casting: Sandblast (safe; 1% risk of failure)
Confirm with . or Enter, or press ? or * to list all spells.
You don't know that spell.
You are too injured to fight recklessly!
You are too injured to fight recklessly!
It was a potion of resistance.
You feel protected.
The crocodile bites you but does no damage.
It was a potion of degeneration.
There was something very wrong with that liquid.
You feel weakened.
You feel dopey.
You feel clumsy. The crocodile misses you.
It was a potion of lignification.
You turn into a tree.
Your +0 helmet melds into your body.
Your +0 pair of gloves melds into your body.
Your +0 pair of boots melds into your body.
Your +0 robe melds into your body.
Your roots penetrate the ground.
A kobold comes into view. It is wielding a +0 short sword.
The crocodile bites you!
You die...

##.~~## ##.~.## ##~
##~## ##≈## ## #~# #≈#
# #K# #≈# # #~# #≈# #
##~## ##≈## ## ##~~~##
##.~~### ###~
#..~..####~..~~##≈##.~
#.~.l♣~~~~~...~≈≈≈≈≈~.
#..~..####.~~..#####~.
##~..## ##..~## ##.
##.## ##~## ## #.# #~#
# #.# #~# # #. ##÷##
## ##...## ##.
#.~..~#####~.


You could see a crocodile and a kobold.

Vanquished Creatures
  Sigmund (D:2)
  2 adders (Sewer)
  A dart slug (D:3)
  3 ribbon worms (Sewer)
  An orc (D:3)
  7 ball pythons
  3 endoplasms
  8 giant cockroaches
  7 goblins
  2 hobgoblins
  3 jackals (D:1)
  4 quokkas
  2 bats
  2 frilled lizards
  9 kobolds
  11 rats
66 creatures vanquished.

Notes
Turn   | Place    | Note
-------+----------+-------------------------------------------
     0 | D:1      | CougarLife the Gargoyle Earth Elementalist began the quest
                  | for the Orb.
     0 | D:1      | Reached XP level 1. HP: 10/10 MP: 3/3
   121 | D:1      | Reached XP level 2. HP: 15/15 MP: 0/5
   350 | D:1      | Reached skill level 4 in Earth Magic
   640 | D:1      | Reached XP level 3. HP: 19/19 MP: 3/6
  1225 | D:2      | Found an opulent altar of Gozag.
  1396 | D:2      | Noticed Sigmund
  1409 | D:2      | Killed Sigmund
  1410 | D:2      | Reached skill level 5 in Earth Magic
  1410 | D:2      | Reached XP level 4. HP: 4/24 MP: 3/9
  1410 | D:2      | Reached XP level 5. HP: 5/28 MP: 3/10
  2035 | D:3      | Found a faded altar of an unknown god.
  2114 | D:3      | Found a glowing drain.
  2136 | Sewer    | Entered a sewer
  2300 | Sewer    | Reached XP level 6. HP: 32/32 MP: 8/11
  2568 | Sewer    | HP: 1/32 [crocodile (6)]
  2571 | Sewer    | Mangled by a crocodile

Illustrated notes

Levels and vault maps discovered:
D:1:      lemuel_arrival_river_ford, layout_basic
D:2:      layout_loops_ring, basic_altar, uniq_sigmund
D:3:      layout_loops_cross, hellmonk_ecumenical_altar_crossroads,
          portal_sewer_entry_f
Sewer:    sewer_co_15_rooms

Skill      XL: |  1  2  3 |
---------------+----------+-----
Earth Magic    | 4 5 |  5.4
Conjurations   | 3 |  3.7
Spellcasting   | 3 |  3.6
Dodging        | |  1.5
Stealth        | |  2.1

Action                     |  1- 3 |  4- 6 || total
---------------------------+-------+-------++-------
  Melee: Unarmed           |     1 |       ||     1
         Dagger            |     2 |     2 ||     4
   Cast: Sandblast         |    39 |    59 ||    98
    Use: Potion            |     1 |     3 ||     4
 Armour: Robe              |     9 |    18 ||    27
         Skin              |       |     1 ||     1
  Dodge: Dodged            |     4 |    22 ||    26

Table legend: (Time is in decaauts)
 A = Elapsed time spent in this place.
 B = Non-inter-level travel time spent in this place.
 C = Inter-level travel time spent in this place.
 D = Time resting spent in this place.
 E = Time spent auto-exploring this place.
 F = Levels seen in this place.
 G = Mean time per level.
                   A        B        C        D        E       F      G
               +--------+--------+--------+--------+--------+-----+--------+
         Total |   2681 |   2572 |    109 |    174 |   1896 |   4 |  670.2 |
       Dungeon |   2180 |   2071 |    109 |    103 |   1558 |   3 |  726.7 |
         Sewer |    501 |    501 |      0 |     71 |    338 |   1 |  501.0 |
               +--------+--------+--------+--------+--------+-----+--------+

Top non-repeatable levels by time:
     D:1: 1150 daAuts
     D:2: 795 daAuts
   Sewer: 501 daAuts
     D:3: 234 daAuts
